 Dungeon Crawl Stone Soup version 0.24-a0-516-g9de272bb65 (webtiles) character file.

Game seed: 10551186808308403839

594 Greboboi the Chopper (level 7, 0/60 HPs)
             Began as a Minotaur Fighter on July 22, 2019.
             Slain by a yak (8 damage)
             ... on level 4 of the Dungeon.
             The game lasted 00:06:09 (3175 turns).

Greboboi the Chopper (Minotaur Fighter)             Turns: 3175, Time: 00:06:11

Health: 0/60       AC:  8    Str: 20    XL:     7   Next: 16%
Magic:  6/6        EV:  9    Int:  5    God:
Gold:   213        SH: 10    Dex: 12    Spells: 6/6 levels left

rFire    . . .     SeeInvis .   a - +0 war axe
rCold    . . .     Gourm    .   c - +0 shield
rNeg     . . .     Faith    .   b - +0 scale mail
rPois    .         Spirit   .   (helmet restricted)
rElec    .         Reflect  .   (no cloak)
rCorr    .         Harm     .   (no gloves)
MR       .....                  u - +0 pair of boots
Stlth    ..........             (no amulet)
HPRegen  0.20/turn              (no ring)
MPRegen  0.10/turn              (no ring)

@: no status effects
A: retaliatory headbutt, horns 2
a: no special abilities


You were on level 4 of the Dungeon.
You were hungry.

You visited 1 branch of the dungeon, and saw 4 of its levels.

You collected 213 gold pieces.

Inventory:

Hand Weapons
 a - a +0 war axe (weapon)
 g - a +1 mace of protection
 m - a +2 dagger of distortion
 x - the +10 flail "Paloong" {protect, *Rage Str+4 Dex+8, unknown}
   (You found it on level 4 of the Dungeon)

   It grants its wielder temporary protection when it strikes (+7 to AC).
   It affects your strength (+4).
   It affects your dexterity (+8).
   It may make you go berserk in combat.
Armour
 b - a +0 scale mail (worn)
 c - a +0 shield (worn)
 u - a +0 pair of boots (worn)
Jewellery
 r - a +3 ring of intelligence {unknown}
Scrolls
 e - 2 scrolls of magic mapping {unknown}
 h - 5 scrolls of remove curse {unknown}
 j - 3 scrolls of identify {unknown}
 k - a scroll of fog {unknown}
 q - a scroll of teleportation {unknown}
 t - a scroll of random uselessness {unknown}
Potions
 d - 2 potions of might
 i - 3 potions of flight {unknown}
 l - a potion of ambrosia {unknown}
 n - a potion of brilliance {unknown}
 o - a potion of mutation {unknown}
 p - a potion of haste {unknown}
 s - a potion of cancellation {unknown}
 v - a potion of agility {unknown}
 w - a potion of curing {unknown}
 z - a potion of lignification {unknown}
Comestibles
 f - 6 rations


   Skills:
 + Level 4.8 Fighting
 + Level 5.6 Axes
 + Level 5.5 Armour
 * Level 3.4 Dodging
 + Level 5.2 Shields


You had 6 spell levels left.
You didn't know any spells.
Your spell library contained the following spells:

 Spells                   Type           Power        Failure   Level  Hunger
 Confusing Touch          Hex            #.....       99%         1    ##.....
 Confuse                  Hex            #.......     100%        3    ####...
 Gell's Gravitas          Tloc           #.........   100%        3    ####...
 Petrify                  Tmut/Erth      #.......     100%        4    #####..
 Metabolic Englaciation   Hex/Ice        #.........   100%        5    ######.
 Yara's Violent Unravell  Hex/Tmut       #.........   100%        5    ######.


Dungeon Overview and Level Annotations

Branches:
Dungeon (4/15)
 Temple: D:4-7

Altars:
Fedhas
Qazlal
Trog
Xom


Innate Abilities, Weirdness & Mutations

You reflexively headbutt those who attack you in melee.
You have a pair of horns on your head.


Message History

You slash the yak! You hit the yak.
Your shield and scale mail prevent you from hitting the yak.
You block the yak's attack. x2
You block the yak's attack. The yak closely misses you.
You furiously retaliate!
You headbutt the yak, but do no damage. The yak barely misses you.
You furiously retaliate!
You headbutt the yak! You hit the yak. You headbutt the yak.
The yak is moderately wounded.
You hit the yak. x3; The yak gores you!
* * * LOW HITPOINT WARNING * * *
The yak gores you!
* * * LOW HITPOINT WARNING * * *
You block the yak's attack. x2; The yak gores you but does no damage.
You barely miss the yak.
The yak is heavily wounded.
You closely miss the yak. You hit the yak. You slash the yak!
The yak gores you but does no damage. The yak closely misses you.
The yak barely misses you. You furiously retaliate!
You headbutt the yak, but do no damage. The yak gores you!
You die...

## #############
#. #.............
#. +.............
#.
#.....#.......!...
#.
#.....#.........#
#.
#.....#...##Y...#
#.
#.....#^..##@Y..#
####.
#.....#...##YY..#
#....
#.....#...'.....#
###+#..
#.....#...#.....#
##.+_'..
#...รท.#...#.....#
#..#'#..
#.....##'###....#
#.......
###........#....#
#.......
#........##+####
#.......
#..............#
#.......


You could see 4 yaks.

Vanquished Creatures
  Grinder (D:4)
  A yak (D:4)
  A phantom (D:4)
  An iguana (D:4)
  5 adders
  A gnoll (D:1)
  An ooze (D:2)
  2 worms (D:2)
  2 dart slugs (D:1)
  3 leopard geckos
  An orc (D:4)
  2 giant cockroaches (D:2)
  4 goblins
  6 hobgoblins
  6 jackals
  4 kobolds (D:1)
  3 quokkas
  A ball python (D:1)
  7 bats
  3 frilled lizards
  A quokka skeleton (D:4)
  6 rats
62 creatures vanquished.

Notes
Turn   | Place    | Note
-------+----------+-------------------------------------------
     0 | D:1      | Greboboi the Minotaur Fighter began the quest for the Orb.
     0 | D:1      | Reached XP level 1. HP: 19/19 MP: 0/0
   122 | D:1      | Reached XP level 2. HP: 18/27 MP: 1/1
   224 | D:1      | Reached XP level 3. HP: 21/33 MP: 2/2
   800 | D:2      | Reached skill level 1 in Dodging
  1001 | D:2      | You fall into a shaft and drop 1 floor!
  1013 | D:3      | Reached XP level 4. HP: 21/40 MP: 3/3
  1354 | D:2      | Found a blossoming altar of Fedhas.
  1730 | D:3      | Found a stormy altar of Qazlal.
  1731 | D:3      | Found a bloodstained altar of Trog.
  2519 | D:4      | Noticed a phantom
  2563 | D:4      | Killed a phantom
  2563 | D:4      | Reached XP level 5. HP: 27/47 MP: 4/4
  2712 | D:4      | Noticed Grinder
  2728 | D:4      | Killed Grinder
  2728 | D:4      | Reached skill level 5 in Axes
  2728 | D:4      | Reached skill level 5 in Armour
  2728 | D:4      | Reached XP level 6. HP: 14/53 MP: 5/5
  3070 | D:4      | Found a shimmering altar of Xom.
  3081 | D:4      | Got a bloodstained flail
  3149 | D:4      | Reached skill level 5 in Shields
  3165 | D:4      | Noticed a yak
  3165 | D:4      | Noticed a yak
  3165 | D:4      | Noticed a yak
  3165 | D:4      | Noticed a yak
  3165 | D:4      | Noticed a yak
  3172 | D:4      | Killed a yak
  3172 | D:4      | Reached XP level 7. HP: 25/60 MP: 6/6
  3175 | D:4      | Slain by a yak

Levels and vault maps discovered:
D:1:      minmay_arrival_four_loops, layout_basic
D:2:      layout_rooms, fedhas_altar_4, first_ration, nrook_mini_backslash,
          kennysheep_cluttered_room, chequers_serial_rivers_micro_e,
          serial_bayou_pond_e, chequers_arboretum
D:3:      minmay_door_path, layout_basic, gammafunk_temple_overflow_pools,
          kennysheep_generic_room_3
D:4:      layout_gridville, kennysheep_mini, uniq_grinder

Skill      XL: |  1  2  3  4  5  6 |
---------------+-------------------+-----
Armour         | 4 5 |  5.5
Shields        | 4 5 |  5.2
Axes           | 3 4 5 |  5.6
Dodging        | 1 2 3 |  3.4
Fighting       | 4 |  4.8

Action                   |  1- 3 |  4- 6 |  7- 9 || total
-------------------------+-------+-------+-------++-------
Melee: War axe           |    90 |    91 |     2 ||   183
       Headbutt          |    14 |    18 |     1 ||    33
  Eat: Chunk             |     1 |     2 |       ||     3
       Ration            |       |     1 |       ||     1
Armor: Scale mail        |    32 |    34 |     2 ||    68
Dodge: Dodged            |    27 |    27 |     4 ||    58
Block: Shield            |    47 |    46 |     5 ||    98

Table legend:
 A = Non-vault XP
 B = Vault XP
 C = Vault XP percentage of total XP
 D = Non-vault monster count
 E = Vault monster count
 F = Vault count percentage of total count
                 A         B        C        D         E       F
            +---------+---------+-------+---------+---------+-------
      Total |     548 |     301 |  35.5 |      60 |       2 |   3.2
            +---------+---------+-------+---------+---------+-------
        D:1 |      62 |       0 |   0.0 |      27 |       0 |   0.0
        D:2 |      79 |       0 |   0.0 |      18 |       0 |   0.0
        D:3 |      39 |       1 |   2.5 |       9 |       1 |  10.0
        D:4 |     368 |     300 |  44.9 |       6 |       1 |  14.3
            +---------+---------+-------+---------+---------+-------
